 Dungeon Sprint DCSS version 0.24.1-5-g77f818bfca (webtiles) character file.

Game seed: 10674353583858849880, levelgen mode: deterministic

35 nicanaca0 the Cudgeler (level 3, 0/36 HPs)
             Began as a Troll Monk on Apr 23, 2020.
             Slain by an orc
             ... wielding a +0 falchion
              (9 damage)
             ... in the Dungeon (Sprint IX: "|||||||||||||||||||||||||||||").
             The game lasted 00:00:20 (53 turns).

nicanaca0 the Cudgeler (Troll Monk)                   Turns: 53, Time: 00:00:21

Health: 0/36       AC:  6    Str: 19    XL:     3   Next: 17%
Magic:  2/2        EV: 10    Int:  7    God:
Gold:   0          SH:  0    Dex: 12    Spells: 2/2 levels left

rFire    . . .     SeeInvis .   b - +0 mace
rCold    . . .     Gourm    +   (no shield)
rNeg     . . .     Faith    .   a - +0 robe
rPois    .         Spirit   .   (helmet restricted)
rElec    .         Reflect  .   (no cloak)
rCorr    .         Harm     .   (gloves unavailable)
MR       .....     NoTele   +   (boots unavailable)
Stlth    ++........             (no amulet)
HPRegen  0.52/turn              (no ring)
MPRegen  0.08/turn              (no ring)

@: lethally poisoned (0 -> -1)
A: large, unfitting armour, claws 3, fast metabolism 3, gourmand, regeneration
1, shaggy fur 1, tough skin 3
a: no special abilities


You were in the Dungeon.
You were very full.

You visited 1 branch

Inventory:

Hand Weapons
 b - a +0 mace (weapon)
Armour
 a - a +0 robe (worn)
Scrolls
 i - a scroll of blinking {@r3!r}
Potions
 c - a potion of heal wounds
 f - a potion of haste {@q3}
 g - 2 potions of magic
 h - a potion of berserk rage {!q}
 P - a potion of curing {@q1}
Comestibles
 w - 2 rations


   Skills:
 - Level 2.4 Fighting
 * Level 6.4 Maces & Flails
 - Level 2.4 Dodging
 - Level 1.0 Stealth


You had 2 spell levels left.
You didn't know any spells.
Your spell library was empty.

Dungeon Overview and Level Annotations

Branches:
Dungeon (1/1)

Altars:


Innate Abilities, Weirdness & Mutations

You are too large for most types of armour.
You have claws for hands.
Your metabolism is lightning-fast.
You like to eat raw meat.
Your natural rate of healing is unusually fast.
You are covered in fur. (AC +1)
You have extremely tough skin. (AC +3)


Message History

The rat misses you.
You hit the rat but do no damage. The rat bites you but does no damage.
You barely miss the rat. The rat bites you.
You hit the rat.
You kill the rat!
The bat hits you but does no damage. x2
Unknown command.
You hit the bat. The bat barely misses you.
The bat hits you but does no damage.
You sock the bat!
You kill the bat!
Your Maces & Flails skill increases to level 4!
The bat hits you but does no damage. The bat closely misses you.
You closely miss the bat. The bat hits you but does no damage.
The bat barely misses you.
You sock the bat!
You kill the bat!
Items here: †††† a bat corpse; a rat corpse; a giant cockroach corpse; a rat corpse You butcher the bat corpse.
e - a chunk of flesh {@e0};
c - a potion of heal wounds
Items here: ÷ ††† a bat skeleton; a rat corpse; a giant cockroach corpse; a rat corpse You butcher the rat corpse.
e - 2 chunks of flesh {@e0} (gained 1)
Items here: ÷÷ †† a bat skeleton; a rat skeleton; a giant cockroach corpse; a rat corpse You butcher the giant cockroach corpse.
e - 3 chunks of flesh {@e0} (gained 1)
Things that are here:
a bat skeleton; a rat skeleton; a rat corpse You butcher the rat corpse.
e - 4 chunks of flesh {@e0} (gained 1)
Things that are here:
a bat skeleton; a rat skeleton x2
There isn't anything to butcher here.
There isn't anything to butcher here.
There isn't anything to butcher here.
Unknown command.
Eating one of 4 chunks of flesh {@e0}.
You eat one of the 4 chunks of flesh {@e0}.
This raw flesh tastes great.
Eating one of 3 chunks of flesh {@e0}.
You eat one of the 3 chunks of flesh {@e0}.
This raw flesh tastes great.
Eating one of 2 chunks of flesh {@e0}.
You eat one of the 2 chunks of flesh {@e0}.
This raw flesh tastes great.
Eating a chunk of flesh {@e0}.
You eat the chunk of flesh {@e0}.
This raw flesh tastes great.
You open the door.
A quokka, a worker ant, 2 orcs and a zombie come into view.
The orc shouts!
The worker ant twitches its antennae in your direction.
The quokka barely misses you.
There is an open door here.
You hit the quokka but do no damage. The quokka bites you.
You hit the quokka. The quokka barely misses you. x2
You hit the quokka but do no damage. The quokka bites you.
You hit the quokka.
You kill the quokka!
The worker ant waves its antennae.
You hit the adder zombie. The adder zombie closely misses you.
You hit the adder zombie. The adder zombie closely misses you.
The adder zombie bites you but does no damage.
You sock the adder zombie!
The adder zombie bites you but does no damage.
You sock the adder zombie!
You destroy the adder zombie!
You have reached level 2!
You hit the worker ant but do no damage.
The worker ant bites you. The worker ant barely misses you.
You hit the worker ant but do no damage.
The worker ant bites you.
You hit the worker ant. The worker ant bites you.
You hit the worker ant. The worker ant barely misses you.
The worker ant bites you.
You are poisoned.
The worker ant poisons you!
You closely miss the worker ant.
You feel sick. The worker ant barely misses you.
You closely miss the worker ant.
You feel sick. The worker ant bites you! The worker ant bites you.
* * * LOW HITPOINT WARNING * * *
You barely miss the worker ant. The worker ant closely misses you.
Unknown command.
You thump the worker ant!
You feel sick. The worker ant bites you.
* * * LOW HITPOINT WARNING * * *
You hit the worker ant.
You kill the worker ant!
Your Maces & Flails skill gained 2 levels and is now at level 6!
You have reached level 3!
Your experience leads to an increase in your attributes!
Increase (S)trength, (I)ntelligence, or (D)exterity?
You feel clever.
You feel stronger.
You hit the orc but do no damage.
You feel sick. The orc hits you with a +0 falchion.
* * * LOW HITPOINT WARNING * * *
You closely miss the orc. The orc hits you with a +0 falchion!
You die...

▓+▓
▓.▓
▓.▓
▓.▓
▓o▓
▓o▓
▓T▓
▓.▓
▓.▓
▓.▓
▓.▓
▓÷▓
▓'▓
▓.▓
▓.▓


You could see 2 orcs.

Vanquished Creatures
  A worker ant (D)
  An adder zombie (D)
  2 bats (D)
  A giant cockroach (D)
  A quokka (D)
  2 rats (D)
8 creatures vanquished.

Notes
Turn   | Place    | Note
-------+----------+-------------------------------------------
     0 | D        | nicanaca0 the Troll Monk began the quest for the Orb.
     0 | D        | Reached XP level 1. HP: 22/22 MP: 0/0
     5 | D        | Reached skill level 3 in Maces & Flails
    13 | D        | Reached skill level 4 in Maces & Flails
    33 | D        | Noticed a worker ant
    42 | D        | Reached XP level 2. HP: 28/29 MP: 1/1
    50 | D        | HP: 7/29 [worker ant (1)]
    51 | D        | Reached skill level 6 in Maces & Flails
    51 | D        | Reached XP level 3. HP: 9/36 MP: 2/2
    53 | D        | Slain by an orc

Levels and vault maps discovered:
D:        linesprint [early_d, line_temple, items_1, d_10, items_2, lair_1,
          lair_end, items_3, orc_1, orc_end, items_4, d_15, swamp_1, shoals_1,
          snake_1, spider_1, d_20, vaults_1, items_5, swamp_end, shoals_end,
          snake_end, spider_end, vaults_end, d_27, items_6, zot_1, zot_end,
          crypt_end, forest_end, elf_end, slime_end, tomb_end, abyss_end,
          pan_hell_end]

Skill      XL: |  1  2 |
---------------+-------+-----
Maces & Flails | 4 6 |  6.4
Fighting       | |  2.4
Dodging        | |  2.4
Stealth        | |  1.0

Action                   || total
-------------------------++-------
Melee: Mace              ||    30
 Stab: Sleeping          ||     1
  Eat: Chunk             ||     4
Armor: Robe              ||     8
Dodge: Dodged            ||    16

Levels and vault maps discovered:
D:        linesprint [early_d, line_temple, items_1, d_10, items_2, lair_1,
          lair_end, items_3, orc_1, orc_end, items_4, d_15, swamp_1, shoals_1,
          snake_1, spider_1, d_20, vaults_1, items_5, swamp_end, shoals_end,
          snake_end, spider_end, vaults_end, d_27, items_6, zot_1, zot_end,
          crypt_end, forest_end, elf_end, slime_end, tomb_end, abyss_end,
          pan_hell_end]

Table legend:
 A = Turns spent in this place as a percentage of turns spent in the entire game.
 B = Non-inter-level travel turns spent in this place as a percentage of non-inter-level travel turns spent in the entire game.
 C = Inter-level travel turns spent in this place as a percentage of turns spent in this place.
 D = Turns resting spent in this place as a percentage of non-inter-level travel turns spent in this place.
 E = Turns spent auto-exploring this place as a percentage of non-inter-level travel turns spent in this place.
 F = Non-inter-level travel turns spent in this place divided by the number of levels of this place that you've seen.
                   A       B       C       D       E      F
               +-------+-------+-------+-------+-------+----------------------
         Total | 100.0 | 100.0 |   0.0 |   0.0 |  13.2 |  53.0
       Dungeon | 100.0 | 100.0 |   0.0 |   0.0 |  13.2 |  53.0
               +-------+-------+-------+-------+-------+----------------------

Table legend:
 A = Kills in this place as a percentage of kills in entire the game.
 B = Kills by you in this place as a percentage of kills by you in the entire game.
 C = Kills by friends in this place as a percentage of kills by friends in the entire game.
 D = Other kills in this place as a percentage of other kills in the entire game.
 E = Experience gained in this place as a percentage of experience gained in the entire game.
 F = Experience gained in this place divided by the number of levels of this place that you have seen.
                   A       B       C       D       E      F
               +-------+-------+-------+-------+-------+----------------------
         Total | 100.0 | 100.0 |   N/A |   N/A | 100.0 |  51.0
       Dungeon | 100.0 | 100.0 |   N/A |   N/A | 100.0 |  51.0
               +-------+-------+-------+-------+-------+----------------------
